 Dungeon Crawl Stone Soup version 0.27.1-33-g824d729ab1 (webtiles) character file.

Game seed: 9277216650981455781

106 pkoi the Ruffian (level 4, 0/54 HPs)
             Began as a Draconian Gladiator on Dec 19, 2021.
             Was an Initiate of the Shining One.
             Succumbed to a scorpion's poison
             ... on level 4 of the Dungeon.
             The game lasted 00:01:55 (3034 turns).

pkoi the Ruffian (Draconian Gladiator)              Turns: 3034, Time: 00:01:56

Health: 0/54       AC: 22    Str: 16    XL:     4   Next: 55%
Magic:  4/4        EV:  2    Int: 10    God:    the Shining One [......]
Gold:   168        SH:  0    Dex: 12    Spells: 3/3 levels left

rFire    . . .     SeeInvis .     - Unarmed
rCold    . . .     Faith    .   (no shield)
rNeg     + + +     Spirit   .   (armour unavailable)
rPois    +         Reflect  .   (helmet currently unavailable)
rElec    .         Harm     .   (cloak currently unavailable)
rCorr    .         Rampage  .   (gloves currently unavailable)
Will     .....     NoTele   +   (boots currently unavailable)
Stlth    +.........             (no amulet)
HPRegen  0.18/turn              o - +4 ring of evasion
MPRegen  0.09/turn              (no ring)

@: lethally poisoned (0 -> -11), tree-form, glowing
A: stationary, stasis, torment immunity, boosted hp, AC +5, unfitting armour,
(cold-blooded)
a: Renounce Religion


You were on level 4 of the Dungeon.
You worshipped the Shining One.
The Shining One was noncommittal.
You were a tree.
You visited 1 branch of the dungeon, and saw 4 of its levels.

You collected 168 gold pieces.

Inventory:

Hand Weapons
 h - a +0 short sword
Missiles
 b - 3 throwing nets (quivered)
 f - 19 poisoned darts
Armour
 a - a +0 hat (melded)
 v - a +0 cloak (melded)
Jewellery
 o - a +4 ring of evasion (left branch)
Scrolls
 c - 2 scrolls of enchant armour {unknown}
 g - 7 scrolls of identify {unknown}
 i - a scroll of silence {unknown}
 j - 2 scrolls of teleportation {unknown}
 n - a scroll of summoning {unknown}
 q - a scroll of amnesia {unknown}
 s - a scroll of enchant weapon {unknown}
 u - a scroll of fear {unknown}
Potions
 d - a potion of cancellation {unknown}
 e - a potion of resistance {unknown}
 k - a potion of magic {unknown}
 l - a potion of flight {unknown}
 m - a potion of heal wounds {unknown}
 p - 2 potions of curing {unknown}
 r - a potion of haste {unknown}


   Skills:
 - Level 2.1 Fighting
 - Level 1.7 Throwing
 + Level 2.7 Dodging
 * Level 5.3 Unarmed Combat


You had 3 spell levels left.
You didn't know any spells.
Your spell library contained the following spells:

 Spells                   Type           Power      Damage    Failure   Level
 Sublimation of Blood     Necr           0%         N/A       50%         2
 Wereblood                Tmut           0%         N/A       50%         2
 Summon Hydra             Summ           0%         N/A       100%        7


Dungeon Overview and Level Annotations

Branches:
Dungeon (4/15)
 Temple: D:4-7

Altars:
Yredelemnul
The Shining One

Shops:
D:2 (


Innate Abilities, Weirdness & Mutations

You are a tree.
Your roots penetrate the ground, keeping you stationary.
You cannot be teleported.
You are immune to unholy pain and torment.
Your maximum health is greatly increased.
Your equipment is partially melded.
((Your plain brown scales are hard. (AC +5)))
You cannot fit into any form of body armour.
((You are cold-blooded and may be slowed by cold attacks.))


Message History

You now have 168 gold pieces (gained 6).
A scorpion comes into view.
A scorpion is nearby!
The scorpion stings you!
You closely miss the scorpion. The scorpion completely misses you.
You barely miss the scorpion. The scorpion stings you!
You are poisoned.
The scorpion poisons you!
You are too injured to fight recklessly!
You are too injured to fight recklessly!
You are too injured to fight recklessly!
You are too injured to fight recklessly!
You are too injured to fight recklessly!
You are too injured to fight recklessly!
You are too injured to fight recklessly!
You are too injured to fight recklessly!
You are too injured to fight recklessly!
You closely miss the scorpion.
You feel sick. The scorpion misses you.
You hit the scorpion but do no damage.
You feel sick. The scorpion stings you.
* * * LOW HITPOINT WARNING * * *
You closely miss the scorpion.
Your tail-slap misses the scorpion.
You feel sick. The scorpion barely misses you.
You hit the scorpion but do no damage.
You feel sick. The scorpion stings you.
* * * LOW HITPOINT WARNING * * *
You are lethally poisoned!
The scorpion poisons you!
You hit the scorpion. Your punch misses the scorpion.
The scorpion is moderately wounded.
* * * LOW HITPOINT WARNING * * *
You feel very sick. The scorpion closely misses you.
It was a potion of lignification.
You turn into a tree.
Your +0 cloak melds into your body.
Your +0 hat melds into your body.
Your roots penetrate the ground.
* * * LOW HITPOINT WARNING * * *
You feel very sick.
The scorpion stings you but does no damage.
You smack the scorpion!
The scorpion is almost dead.
You die...

##### .. ##...## ...
#.....# #..### #....>#
......# #.....#
.......###.s..##
....⌠....##♣...#
...≈≈≈...##....##
...≈≈≈..........#
#..≈≈≈..#.......#
#...≈≈≈..##.#.....#
####.........###.......
##.............##.......
#...................#....
#........#####......#....##


You could see a scorpion.

Vanquished Creatures
  A bullfrog skeleton (D:3)
  3 adders
  2 dart slugs
  2 orcs (D:3)
  2 bats
  An endoplasm (D:2)
  3 giant cockroaches
  2 hobgoblins
  2 quokkas
  6 ball pythons
  3 frilled lizards
  6 goblins
  7 kobolds
  2 rats
42 creatures vanquished.

Notes
Turn   | Place    | Note
-------+----------+-------------------------------------------
     0 | D:1      | pkoi the Draconian Gladiator began the quest for the Orb.
     0 | D:1      | Reached XP level 1. HP: 17/17 MP: 1/1
   298 | D:1      | Found a faded altar of an unknown god.
   456 | D:1      | Reached XP level 2. HP: 15/24 MP: 2/2
   985 | D:2      | Reached skill level 4 in Unarmed Combat
  1438 | D:2      | Reached XP level 3. HP: 29/29 MP: 3/3
  1630 | D:2      | Found Upsak's Weapon Emporium.
  2220 | D:3      | Reached skill level 5 in Unarmed Combat
  2220 | D:3      | Reached XP level 4. HP: 14/36 MP: 4/4
  2659 | D:3      | Found a glowing golden altar of the Shining One.
  2661 | D:3      | Noticed an angel
  2677 | D:3      | Found a basalt altar of Yredelemnul.
  2679 | D:3      | Noticed a profane servitor
  2706 | D:3      | Became a worshipper of the Shining One
  3023 | D:4      | Noticed a scorpion
  3033 | D:4      | HP: 1/54 [poisoned by a scorpion]
  3034 | D:4      | Succumbed to a scorpion's poison

Illustrated notes

Levels and vault maps discovered:
D:1:      saegor_arrival_simple_b, layout_loops_cross,
          dilly_ecumenical_altar_fadedgnrine
D:2:      minmay_wonky_spiral, layout_basic, serial_shops,
          nicolae_shop_waterfront
D:3:      layout_rooms, grunt_temple_overflow_holy_war,
          kennysheep_cluttered_room
D:4:      layout_cave_pools, serial_park_tiny_pond,
          kennysheep_decorative_pillar, minmay_unequal

Skill      XL: |  1  2  3 |
---------------+----------+-----
Unarmed Combat | 4 5 |  5.3
Fighting       | |  2.1
Throwing       | |  1.7
Dodging        | |  2.7

Action                   |  1- 3 |  4- 6 || total
-------------------------+-------+-------++-------
Melee: Unarmed           |   108 |    53 ||   161
       Tailslap          |     9 |     2 ||    11
       Punch             |     3 |       ||     3
  Use: Potion            |       |     1 ||     1
 Stab: Sleeping          |     1 |       ||     1
Armor: Skin              |    32 |    14 ||    46
Dodge: Dodged            |    74 |    37 ||   111
